Map: Prion Terraces

Players

Miszu - Winner!

  • Race: Terran Terran
  • League: Master

Siglave

  • Race: Zerg Zerg
  • League: Master

VOD

Have the link to the VOD?

Description

Time

  • Played on: April 6, 2016, 2 p.m.
  • Length: 13:39
Show
View Real Time Build Order
Export as new Build Order

Miszu Terran - Winner!

Build Orders: Reaper Expand 

Get SALT Encoding   

  12  0:01  SCV  
  13  0:13  SCV  
  14  0:17  Supply Depot  
  14  0:25  SCV  
  15  0:39  SCV  
  15  0:40  Barracks  
  16  0:44  Refinery  
  16  0:51  SCV  
  17  1:03  SCV  
  18  1:16  SCV  
  19  1:28  Orbital Command  
  19  1:29  Reaper  
  20  1:39  Command Center  
  20  1:47  Supply Depot  
  20  1:53  SCV  
  21  2:03  Barracks Reactor  
  21  2:06  SCV  
  22  2:08  Refinery  
  22  2:18  SCV  
  23  2:30  SCV  
  23  2:34  Factory  
  24  2:42  Marine x2, SCV  
  27  2:51  Orbital Command  
  27  2:54  SCV  
  28  3:00  Marine x2  
  30  3:06  SCV  
  31  3:18  SCV  
  31  3:19  SCV  
  33  3:26  Starport, Marine  
  33  3:27  Marine  
  34  3:30  SCV, Factory Tech Lab  
  34  3:31  SCV  
  37  3:39  Supply Depot  
  36  3:42  SCV  
  36  3:43  SCV  
  36  3:46  Bunker  
  38  3:48  Supply Depot  
  38  3:54  SCV  
  39  3:55  SCV  
  40  4:05  Command Center  
  40  4:07  SCV  
  40  4:08  Refinery x2, SCV  
  42  4:11  Banshee  
  42  4:13  Cloaking Field  
  45  4:19  SCV  
  45  4:20  SCV  
  47  4:30  Starport  
  47  4:31  Starport, SCV  
  49  4:32  SCV  
  50  4:38  Factory Reactor  
  50  4:43  SCV  
  50  4:44  SCV  
  51  4:49  Supply Depot  
  51  4:53  Banshee  
  51  4:55  Barracks Reactor, SCV  
  51  4:56  SCV  
  51  4:58  Hellion x2  
  60  5:04  Supply Depot  
  60  5:07  Starport Reactor, Starport Tech Lab, SCV  
  60  5:08  SCV  
  60  5:12  Fusion Core  
  60  5:13  Armory  
  62  5:19  SCV  
  62  5:20  SCV  
  64  5:22  Liberator  
  64  5:28  Banshee  
  64  5:29  Orbital Command  
  64  5:34  Hellion x2  
  71  5:36  Banshee  
  77  5:45  SCV  
  77  5:48  SCV  
  79  5:56  Hellion x2  
  73  6:05  Liberator  
  71  6:11  SCV, Banshee  
  71  6:12  SCV x2  
  70  6:19  Banshee  
  70  6:23  SCV  
  70  6:24  SCV  
  62  6:26  SCV  
  62  6:32  Hellion  
  62  6:33  Hellion  
  62  6:36  SCV x2  
  62  6:39  SCV  
  62  6:48  SCV  
  62  6:53  SCV  
  63  6:54  Hellion  
  66  7:02  Supply Depot  
  66  7:04  Hyperflight Rotors  
  66  7:05  SCV x3  
  66  7:09  Refinery  
  66  7:17  SCV  
  66  7:18  SCV  
  68  7:29  Supply Depot, SCV  
  69  7:30  SCV  
  69  7:33  Liberator  
  69  7:34  Liberator  
  70  7:41  SCV  
  70  7:42  SCV  
  69  7:45  Orbital Command  
  75  7:53  SCV  
  75  7:54  SCV  
  77  7:59  Engineering Bay, Terran Ship Weapons Level 1  
  78  8:05  SCV  
  78  8:06  SCV  
  79  8:17  SCV  
  79  8:18  SCV  
  79  8:19  Hellion x2  
  82  8:21  Factory  
  82  8:24  SCV  
  80  8:29  SCV  
  80  8:30  SCV  
  80  8:33  Banshee  
  82  8:37  SCV  
  83  8:41  Refinery x2  
  83  8:42  Starport Reactor, SCV  
  83  8:44  SCV  
  85  9:02  Banshee, Hellion x2, Supply Depot, SCV x3  
  95  9:04  Liberator, Supply Depot, Factory Tech Lab  
  95  9:06  Liberator  
  95  9:13  Supply Depot  
  95  9:14  Supply Depot, SCV x3  
  98  9:23  Banshee  
  98  9:24  Infernal Pre-Igniter, Hellion  
  109  9:26  Hellion x2  
  109  9:28  SCV x2  
  109  9:29  Armory  
  115  9:35  SCV  
  115  9:36  Supply Depot  
  115  9:38  Supply Depot x2  
  116  9:45  Hellion  
  118  9:46  Widow Mine  
  118  9:47  Hellion  
  118  9:48  Command Center  
  118  9:50  Banshee  
  125  9:57  Terran Ship Weapons Level 2  
  125  10:02  SCV x3  
  125  10:06  Banshee  
  125  10:07  Hellion  
  133  10:08  Hellion  
  133  10:09  Viking x2  
  139  10:14  SCV  
  139  10:19  Siege Tank  
  145  10:28  Hellion  
  145  10:32  Supply Depot  
  145  10:33  Supply Depot x2, Banshee  
  145  10:46  Refinery  
  145  10:47  Command Center  
  145  10:49  Banshee  
  148  10:51  Refinery  
  148  10:54  Hellion x2  
  148  10:55  Viking, Hellion  
  156  10:59  Viking  
  158  11:15  Hellion x2  
  158  11:16  Banshee  
  159  11:31  Banshee  
  114  11:45  Viking  
  114  11:46  Viking  
  117  11:48  Hellion x3  
  118  11:55  Starport x2, Planetary Fortress  
  118  11:59  Viking  
  120  12:07  Liberator x2  
  120  12:09  Hellion  
  120  12:10  Hellion x2  
  120  12:14  Banshee  
  123  12:18  Liberator x2  
  125  12:29  Banshee  
  132  12:31  Hellion x3  
  143  13:02  Refinery  
Show
View Real Time Build Order
Export as new Build Order

Siglave Zerg 

Build Orders: Hatch First 

Get SALT Encoding   

  12  0:01  Drone  
  13  0:13  Overlord  
  13  0:17  Drone  
  14  0:31  Drone x2  
  14  0:35  Drone  
  17  0:52  Hatchery  
  17  0:55  Drone  
  17  1:10  Spawning Pool  
  16  1:12  Drone  
  16  1:15  Extractor  
  16  1:19  Drone  
  16  1:22  Drone  
  18  1:29  Drone  
  19  1:39  Overlord  
  19  1:57  Queen  
  19  1:58  Zergling x2  
  19  2:01  Zergling x2  
  23  2:06  Queen  
  23  2:08  Zergling x2  
  26  2:15  Metabolic Boost  
  26  2:19  Drone x2  
  28  2:23  Drone  
  29  2:33  Drone x2  
  30  2:40  Drone  
  31  2:46  Queen  
  31  2:48  Overlord  
  31  2:50  Drone  
  34  2:55  Drone  
  35  3:02  Drone  
  36  3:07  Drone x3  
  39  3:24  Drone x2  
  39  3:25  Drone  
  41  3:28  Drone  
  41  3:32  Overlord  
  42  3:35  Drone, Roach Warren  
  42  3:40  Hatchery  
  40  3:44  Drone x3  
  40  3:45  Extractor  
  40  3:48  Overlord  
  42  3:54  Drone  
  43  3:57  Drone  
  43  4:00  Drone x2, Extractor  
  45  4:08  Drone x2  
  45  4:09  Overlord  
  47  4:25  Overlord  
  47  4:35  Spore Crawler  
  47  4:39  Roach x7  
  47  4:41  Spore Crawler  
  60  4:47  Overlord  
  60  4:48  Roach x4  
  68  4:55  Roach x2, Baneling Nest  
  68  4:57  Zergling x6  
  74  5:01  Queen  
  74  5:02  Spore Crawler  
  74  5:05  Zergling x6  
  78  5:09  Spore Crawler  
  78  5:10  Zergling x2  
  78  5:15  Zergling x4  
  78  5:20  Zergling x2  
  81  5:25  Zergling x8  
  85  5:29  Zergling x6  
  85  5:32  Zergling x4  
  88  5:38  Baneling x5  
  88  5:39  Baneling x9  
  88  5:40  Zergling x4  
  90  5:46  Overlord x2  
  90  5:49  Baneling x2  
  84  6:03  Zergling x4  
  84  6:04  Zergling x14  
  80  6:11  Zergling x2  
  80  6:17  Lair  
  78  6:22  Drone  
  78  6:23  Drone x3  
  74  6:25  Drone x2  
  74  6:26  Drone  
  66  6:35  Queen  
  66  6:36  Drone x3  
  66  6:40  Extractor  
  66  6:42  Spore Crawler  
  59  6:47  Spore Crawler  
  55  6:54  Drone x3, Extractor  
  55  6:56  Drone x4, Extractor  
  58  7:01  Spore Crawler  
  58  7:07  Drone x2  
  59  7:09  Spore Crawler  
  59  7:10  Zergling x10  
  63  7:17  Spore Crawler  
  63  7:20  Hydralisk Den  
  63  7:22  Evolution Chamber  
  60  7:23  Drone x2  
  60  7:24  Drone x3  
  65  7:40  Hatchery  
  60  7:49  Hydralisk x6  
  60  7:50  Hydralisk x2  
  73  7:57  Overseer  
  73  7:58  Muscular Augments  
  73  7:59  Zerg Missile Weapons Level 1  
  73  8:02  Hydralisk  
  75  8:07  Pneumatized Carapace  
  75  8:19  Hydralisk x5  
  76  8:30  Drone x3  
  76  8:31  Drone x2  
  81  8:35  Drone x2  
  81  8:36  Drone x3  
  86  8:46  Overlord  
  86  8:47  Drone  
  85  8:57  Overlord  
  85  8:58  Drone  
  85  8:59  Drone x9  
  92  9:08  Extractor  
  91  9:10  Glial Reconstitution  
  91  9:15  Roach  
  91  9:16  Roach x2  
  97  9:23  Zergling x6  
  97  9:24  Zergling x4  
  102  9:26  Hatchery  
  102  9:29  Queen  
  103  9:32  Spine Crawler  
  103  9:33  Zergling x2  
  103  9:37  Drone x4  
  107  9:45  Infestation Pit  
  106  9:46  Drone x3, Hatchery  
  106  9:50  Roach x4  
  116  9:54  Zerg Missile Weapons Level 2  
  116  9:57  Hydralisk  
  118  10:11  Hydralisk x5  
  122  10:23  Hydralisk x3  
  128  10:29  Extractor  
  128  10:32  Queen, Extractor  
  128  10:36  Hive  
  128  10:45  Overlord x2  
  128  10:46  Hydralisk x3  
  128  10:49  Overseer x2  
  134  10:54  Overlord x3  
  134  10:58  Queen  
  136  11:06  Roach  
  136  11:07  Roach x9  
  156  11:21  Hydralisk x3  
  130  11:37  Hydralisk  
  130  11:38  Hydralisk x15  
  144  11:45  Hydralisk x3  
  132  11:51  Hydralisk x2  
  132  11:52  Hydralisk  
  136  11:59  Overseer  
  132  12:01  Hydralisk x3  
  132  12:02  Hydralisk  
  138  12:12  Spore Crawler  
  135  12:17  Drone x2  
  135  12:18  Drone  
  138  12:23  Roach  
  138  12:24  Roach x3  
  138  12:27  Ravager x4  
  150  12:30  Hatchery  
  149  12:41  Hatchery  
  147  12:44  Overseer  
  147  12:49  Overseer x2  
  147  12:53  Overlord  
  111  13:09  Hydralisk x7  
  111  13:10  Hydralisk x4  
  113  13:19  Overlord  
Tags
 
Add a new tag
Caveats
  • Supply blocks, unpowered buildings, or Contaminate may cause inaccurate times.
  • Supply counts are checked every 10 seconds.